 Dungeon Crawl Stone Soup version 0.29.0-4-gdea44cf6ec (webtiles) character file.

Game seed: 12108210763273205017

1372 qw the Chopper (level 8, -7/49 HPs)
             Began as a Gargoyle Fighter on Sept 9, 2022.
             Was a Follower of Okawaru.
             Mangled by an orc warrior
             ... wielding a +0 battleaxe
              (8 damage)
             ... on level 6 of the Dungeon.
             The game lasted 00:02:13 (5493 turns).

qw the Chopper (Gargoyle Fighter)                   Turns: 5493, Time: 00:02:14

Health: -7/49      AC: 19    Str: 21    XL:     8   Next: 66%
Magic:  9/10       EV:  9    Int: 10    God:    Okawaru [*.....]
Gold:   238        SH:  5    Dex:  9    Spells: 7/7 levels left

rFire   . . .      SeeInvis +   Y - +0 war axe
rCold   . . .      Faith    .   c - +0 buckler
rNeg    + . .      Spirit   .   a - +0 chain mail
rPois   inf        Reflect  .   b - +0 helmet {SInv}
rElec   +          Harm     .   (no cloak)
rCorr   .          Rampage  .   (no gloves)
Will    .....                   i - +0 pair of boots
Stlth   ..........              (no amulet)
HPRegen 0.16/turn               (no ring)
MPRegen 0.12/turn               (no ring)

@: heroic
A: sickness immunity, AC +5, negative energy resistance 1, electricity
resistance, torment resistance 1, petrification resistance
a: Renounce Religion, Heroism


You were on level 6 of the Dungeon.
You worshipped Okawaru.
Okawaru was aware of your devotion.
You visited 1 branch of the dungeon, and saw 6 of its levels.

You collected 238 gold pieces.


Innate Abilities, Weirdness & Mutations

You are immune to sickness and miasma.
Your stone body is resilient. (AC +5)
You are immune to poison.
You resist negative energy. (rN+)
You are resistant to electric shocks. (rElec)
You are resistant to unholy torment.
You are immune to petrification.


   Skills:
 - Level 5.2(10.2) Fighting
 + Level 7.7(12.7) Axes
 - Level 4.0(9.0) Armour
 - Level 1.6(6.6) Dodging
 - Level 3.2(8.2) Shields
 + Level 3.9 Invocations


You had 7 spell levels left.
You didn't know any spells.
Your spell library was empty.

Inventory:

Hand Weapons
 o - a +0 flail
 Y - a +0 war axe (weapon)
Armour
 a - a +0 chain mail (worn)
 b - a +0 helmet of see invisible (worn)
 c - a +0 buckler (worn)
 i - a +0 pair of boots (worn)
Jewellery
 f - a ring of fire
Scrolls
 k - a scroll of identify
Potions
 d - a potion of might
 g - a potion of haste
 j - a potion of cancellation
 m - a potion of resistance {unknown}
 n - a potion of attraction {unknown}
 p - a potion of mutation {unknown}
 q - 2 potions of curing
 r - a potion of lignification {unknown}

Dungeon Overview and Level Annotations

Branches:
Dungeon (6/15)
 Temple: D:4-7

Altars:
Kikubaaqudgha
Nemelex Xobeh
Okawaru
Qazlal
Sif Muna
The Shining One


Message History

The gnoll hits you from afar with a +0 halberd.
The gnoll hits you but does no damage. The gnoll barely misses you.
You block the gnoll sergeant's attack. You block the orc warrior's attack.
5488 ||| DRINKING potion of heal wounds.
You feel much better. The gnoll hits you but does no damage.
You block the gnoll sergeant's attack. The gnoll misses you.
The gnoll barely misses you.
The orc warrior hits you but does no damage.
You closely miss the orc warrior.
The orc warrior is severely wounded.
You hit the gnoll. The gnoll hits you with a +0 whip.
The gnoll completely misses you.
The gnoll sergeant hits you from afar with a +2 spear of venom!
The gnoll hits you but does no damage.
The orc warrior hits you but does no damage.
You closely miss the orc warrior.
The orc warrior is severely wounded.
You hit the gnoll.
You hit the orc warrior but do no damage.
The orc warrior is severely wounded.
You barely miss the gnoll. The gnoll hits you with a +0 whip.
The gnoll sergeant hits you but does no damage.
The gnoll barely misses you.
The orc warrior hits you with a +0 battleaxe!
The gnoll hits you from afar with a +0 halberd.
You hit the orc warrior.
The orc warrior is almost dead.
You hit the gnoll.
You kill the gnoll!
Okawaru accepts your kill. The gnoll sergeant barely misses you.
You block the gnoll's attack. The orc warrior barely misses you.
The gnoll misses you.
A hound comes into view.
You closely miss the orc warrior.
The orc warrior is almost dead.
The gnoll hits you but does no damage.
The gnoll sergeant hits you from afar with a +2 spear of venom.
The orc warrior hits you with a +0 battleaxe!
You die...

...#.....
.....>#..
.........
........## ..
.......J.## #..
......ggg.###...#
.................
.......@).......#
.....#o........:#
......#.........#
...##.##.......#
. # #........#
#..<.....#
..........#..#
..........#...
..........## .


You could see an orc warrior, a gnoll sergeant, a jelly and 2 gnolls.

Vanquished Creatures
  A shadow (D:5)
  A water moccasin (D:5)
  A black bear (D:4)
  An ogre (D:5)
  A centaur (D:5)
  2 scorpions
  6 killer bees
  4 jellies
  An orc priest (D:3)
  3 hounds
  Jessica (D:3)
  An orc wizard (D:4)
  2 iguanas
  A gnoll (D:6)
  3 adders
  A shadow imp (D:5)
  A worm (D:3)
  2 dart slugs
  12 orcs
  8 endoplasms
  2 giant cockroaches (D:2)
  11 goblins
  6 hobgoblins
  3 quokkas
  12 ball pythons
  4 bats
  2 frilled lizards
  5 kobolds
  3 rats
101 creatures vanquished.

Notes
Turn   | Place    | Note
-------+----------+-------------------------------------------
     0 | D:1      | qw the Gargoyle Fighter began the quest for the Orb.
     0 | D:1      | Reached XP level 1. HP: 14/14 MP: 1/1
     0 | D:1      | 0 ||| qw: Version: 0.1-a-113-g051387a
     0 | D:1      | 0 ||| qw: Game counter: 6996
     0 | D:1      | 0 ||| qw: Always use a shield: true
     0 | D:1      | 0 ||| qw: God list: Okawaru
     0 | D:1      | 0 ||| qw: Allow faded altars: false
     0 | D:1      | 0 ||| qw: Do Orc after D:15 true
     0 | D:1      | 0 ||| qw: Do second Lair branch before Depths: true
     0 | D:1      | 0 ||| qw: Lair rune preference: random
     0 | D:1      | 0 ||| qw: Plans: Normal, Zot, God:TSO, Crypt, Tomb, Zig,
                  | Orb
     0 | D:1      | 0 ||| PLANNING D:1-11
    36 | D:1      | Reached skill level 2 in Axes
   123 | D:1      | Reached XP level 2. HP: 16/19 MP: 2/2
   640 | D:1      | Found a faded altar of an unknown god.
   642 | D:1      | Reached skill level 3 in Axes
   644 | D:1      | 644 ||| DROPPING +0 club.
   806 | D:1      | Reached XP level 3. HP: 23/23 MP: 3/3
   836 | D:1      | 836 ||| READING 3 scrolls labelled HEUNNUU POERUE.
   837 | D:1      | 837 ||| READING scroll labelled EHOCWEULEST.
   838 | D:1      | 838 ||| DROPPING 2 scrolls of vulnerability.
   883 | D:2      | 883 ||| FLEEEEING.
   886 | D:2      | 886 ||| STAIRDANCE
  1127 | D:2      | 1127 ||| Stepping ~*~*~tactically~*~*~ (stealth).
  1550 | D:2      | 1550 ||| Stepping ~*~*~tactically~*~*~ (stealth).
  1551 | D:2      | 1551 ||| Stepping ~*~*~tactically~*~*~ (stealth).
  1717 | D:2      | 1717 ||| READING scroll labelled CUIREU DOCICAU.
  1718 | D:2      | 1718 ||| READING scroll labelled MORIEC XOMOP.
  1719 | D:2      | 1719 ||| READING 2 scrolls labelled FOESUU HI GAIWOHA.
  1720 | D:2      | 1720 ||| READING scroll labelled YRYROLULUKK.
  1764 | D:2      | 1764 ||| READING 2 scrolls of identify.
  1764 | D:2      | 1764 ||| IDENTIFYING green potion
  1765 | D:2      | 1765 ||| DROPPING potion of magic.
  1766 | D:2      | 1766 ||| DROPPING scroll of fear.
  1800 | D:3      | 1800 ||| STAIRDANCE
  1804 | D:2      | Reached XP level 4. HP: 28/28 MP: 4/4
  1806 | D:3      | 1806 ||| STAIRDANCE
  1971 | D:3      | Reached skill level 4 in Axes
  2257 | D:3      | Found a glowing golden altar of the Shining One.
  2291 | D:3      | Found a stormy altar of Qazlal.
  2370 | D:3      | 2370 ||| DROPPING +0 whip.
  2560 | D:3      | Found a sparkling altar of Nemelex Xobeh.
  2644 | D:3      | Found a faded altar of an unknown god.
  2648 | D:3      | Found an ancient bone altar of Kikubaaqudgha.
  2696 | D:3      | Noticed Jessica
  2701 | D:3      | Killed Jessica
  2702 | D:3      | Reached XP level 5. HP: 32/32 MP: 5/5
  2704 | D:3      | Found a shimmering blue altar of Sif Muna.
  2797 | D:3      | 2797 ||| UPGRADING to +0 chain mail.
  2807 | D:3      | 2807 ||| DROPPING +0 scale mail.
  2808 | D:3      | 2808 ||| UPGRADING to +0 pair of boots.
  2813 | D:3      | 2813 ||| READING scroll labelled SUTEOR ETTAYF.
  2813 | D:3      | Identified a scroll of acquirement
  2813 | D:3      | 2813 ||| ACQUIRING +0 helmet of see invisible
  2813 | D:3      | Acquired a +0 helmet of see invisible
  2815 | D:3      | 2815 ||| UPGRADING to +0 helmet of see invisible.
  2820 | D:3      | 2820 ||| READING scroll labelled MIANIWK QOTOXU.
  2821 | D:3      | 2821 ||| READING scroll labelled SOOZYSE SANAUTH.
  2822 | D:3      | 2822 ||| READING 2 scrolls of identify.
  2822 | D:3      | 2822 ||| IDENTIFYING viscous inky potion
  2823 | D:3      | 2823 ||| DROPPING potion of berserk rage.
  2981 | D:4      | Reached skill level 5 in Axes
  3207 | D:4      | 3207 ||| Stepping ~*~*~tactically~*~*~ (stealth).
  3209 | D:4      | 3209 ||| Stepping ~*~*~tactically~*~*~ (stealth).
  3210 | D:4      | 3210 ||| Stepping ~*~*~tactically~*~*~ (stealth).
  3211 | D:4      | 3211 ||| Stepping ~*~*~tactically~*~*~ (stealth).
  3213 | D:4      | Reached XP level 6. HP: 38/38 MP: 6/6
  3219 | D:4      | 3219 ||| Stepping ~*~*~tactically~*~*~ (stealth).
  3220 | D:4      | 3220 ||| Stepping ~*~*~tactically~*~*~ (stealth).
  3335 | D:4      | 3335 ||| Stepping ~*~*~tactically~*~*~ (stealth).
  3446 | D:4      | Noticed a black bear
  3461 | D:4      | Killed a black bear
  3993 | D:4      | 3993 ||| READING 2 scrolls labelled AFOABULUNGE.
  3994 | D:4      | 3994 ||| READING scroll labelled HYMUONLENNIG.
  3995 | D:4      | 3995 ||| READING scroll labelled UMUAROQOBOU.
  3996 | D:4      | 3996 ||| DRINKING 2 smoky orange potions.
  3997 | D:4      | 3997 ||| READING 3 scrolls of identify.
  3997 | D:4      | 3997 ||| IDENTIFYING lumpy inky potion
  3998 | D:4      | 3998 ||| READING 2 scrolls of identify.
  3998 | D:4      | 3998 ||| IDENTIFYING bubbling brown potion
  3999 | D:4      | 3999 ||| DROPPING scroll of butterflies.
  4270 | D:5      | Entered Level 5 of the Dungeon
  4273 | D:5      | Found an iron altar of Okawaru.
  4281 | D:5      | Became a worshipper of Warmaster Okawaru
  4299 | D:5      | 4299 ||| Stepping ~*~*~tactically~*~*~ (hiding).
  4313 | D:5      | 4313 ||| Stepping ~*~*~tactically~*~*~ (hiding).
  4323 | D:5      | Reached skill level 6 in Axes
  4323 | D:5      | Reached XP level 7. HP: 36/43 MP: 7/7
  4422 | D:5      | Reached skill level 1 in Dodging
  4432 | D:5      | 4432 ||| Stepping ~*~*~tactically~*~*~ (stealth).
  4433 | D:5      | 4433 ||| Stepping ~*~*~tactically~*~*~ (stealth).
  4434 | D:5      | 4434 ||| Stepping ~*~*~tactically~*~*~ (stealth).
  4439 | D:5      | Noticed a shadow
  4441 | D:5      | 4441 ||| Stepping ~*~*~tactically~*~*~ (stealth).
  4442 | D:5      | 4442 ||| Stepping ~*~*~tactically~*~*~ (stealth).
  4452 | D:5      | Killed a shadow
  4453 | D:5      | Reached skill level 7 in Axes
  4503 | D:5      | 4503 ||| Stepping ~*~*~tactically~*~*~ (stealth).
  4505 | D:5      | 4505 ||| Stepping ~*~*~tactically~*~*~ (stealth).
  4527 | D:5      | 4527 ||| Stepping ~*~*~tactically~*~*~ (stealth).
  4643 | D:5      | Reached * piety under Okawaru
  4644 | D:5      | Reached XP level 8. HP: 45/49 MP: 8/8
  4685 | D:5      | Reached skill level 1 in Invocations
  4888 | D:5      | 4888 ||| INVOKING Heroism.
  4920 | D:5      | 4920 ||| INVOKING Heroism.
  5040 | D:5      | 5040 ||| READING scroll labelled PUTHRE MIEWIT.
  5044 | D:5      | 5044 ||| READING scroll labelled LEMPAKITUH.
  5045 | D:5      | 5045 ||| READING 3 scrolls of identify.
  5045 | D:5      | 5045 ||| IDENTIFYING puce potion
  5046 | D:5      | 5046 ||| READING 2 scrolls of identify.
  5046 | D:5      | 5046 ||| IDENTIFYING fuming white potion
  5047 | D:5      | 5047 ||| DROPPING potion of degeneration.
  5067 | D:6      | 5067 ||| INVOKING Heroism.
  5068 | D:6      | 5068 ||| STAIRDANCE
  5080 | D:5      | 5080 ||| INVOKING Heroism.
  5088 | D:5      | Reached skill level 3 in Invocations
  5243 | D:6      | 5243 ||| INVOKING Heroism.
  5250 | D:6      | 5250 ||| STAIRDANCE
  5477 | D:6      | 5477 ||| INVOKING Heroism.
  5487 | D:6      | HP: 9/49 [gnoll/+0 halberd[a gnoll sergeant] (6)]
  5488 | D:6      | 5488 ||| DRINKING potion of heal wounds.
  5493 | D:6      | HP: 1/49 [gnoll sergeant/+2 spear of venom (4)]
  5493 | D:6      | Mangled by an orc warrior

Levels and vault maps discovered:
D:1:      dpeg_arrival_solitude, layout_loops_corners,
          shapermc_ecumenical_altar_pompeii
D:2:      layout_rooms, minmay_door_square
D:3:      layout_loops_ring, tgw_sif, nicolae_overflow_ecumenical_swirl,
          mainiacjoe_overflow_brackets, nemelex_spade_bored_becter,
          lemuel_doored_altar
D:4:      layout_loops_ring
D:5:      layout_rooms, mainiacjoe_overflow_tiny_flanked
D:6:      layout_cave_pools, general_overflow_altar, trog_butcher_becter,
          serial_column_ruins, column_ruins_temple_hall,
          column_ruins_open_medium, column_ruins_corridor_straight,
          column_ruins_grid_1, column_ruins_columns_dead_end, minmay_microvault,
          uniq_edmund

Skill      XL: |  1  2  3  4  5  6  7  8 |
---------------+-------------------------+-----
Axes           | 2 3 4 5 6 7 |  7.7
Fighting       | 4 5 |  5.2
Dodging        | 1 |  1.6
Invocations    | 3 |  3.9
Armour         | 4 |  4.0
Shields        | |  3.2

Action                   |  1- 3 |  4- 6 |  7- 9 || total
-------------------------+-------+-------+-------++-------
Melee: War axe           |   112 |   130 |   103 ||   345
Invok: Heroism           |       |       |     6 ||     6
  Use: Scroll            |     7 |     9 |     4 ||    20
       Potion            |       |     1 |     1 ||     2
Armor: Scale mail        |    49 |    14 |       ||    63
       Chain mail        |       |    68 |   102 ||   170
Dodge: Dodged            |    46 |    46 |    84 ||   176
Block: Buckler           |    17 |    27 |    37 ||    81

Table legend:
 A = Non-vault XP
 B = Vault XP
 C = Vault XP percentage of total XP
 D = Non-vault monster count
 E = Vault monster count
 F = Vault count percentage of total count
                 A         B        C        D         E       F
            +---------+---------+-------+---------+---------+-------
      Total |    1924 |      37 |   1.9 |     100 |       1 |   1.0
            +---------+---------+-------+---------+---------+-------
        D:1 |      34 |       0 |   0.0 |      20 |       0 |   0.0
        D:2 |      53 |       0 |   0.0 |      22 |       0 |   0.0
        D:3 |      62 |      37 |  37.4 |      11 |       1 |   8.3
        D:4 |     331 |       0 |   0.0 |      24 |       0 |   0.0
        D:5 |    1223 |       0 |   0.0 |      19 |       0 |   0.0
        D:6 |     221 |       0 |   0.0 |       4 |       0 |   0.0
            +---------+---------+-------+---------+---------+-------
